 Dungeon Crawl Stone Soup version 0.18.1-48-g4cf74bf (webtiles) character file.

889 Heedrag the Destroyer (level 7, -4/36 HPs)
             Began as a Deep Elf Conjurer on Aug 19, 2016.
             Shot with an arrow by a centaur (16 damage)
             ... on level 5 of the Dungeon.
             The game lasted 00:10:18 (4313 turns).

Heedrag the Destroyer (Deep Elf Conjurer)           Turns: 4313, Time: 00:10:19

Health: -4/36      AC:  6    Str:  7    XL:     7   Next: 77%
Magic:  9/19       EV: 13    Int: 20    God:
Gold:   183        SH:  0    Dex: 15    Spells: 3 memorised, 9 levels left

rFire  . . .     SeeInvis .     z - staff of summoning (curse)
rCold  . . .     Gourm    .     y - +2 robe {rN+}
rNeg   + + .     Faith    .     (no shield)
rPois  .         Spirit   .     n - +0 helmet
rElec  .         Dismiss  .     (no cloak)
rCorr  .         Reflect  .     (no gloves)
SustAt .         Harm     .     s - +0 pair of boots
MR     .....                    (no amulet)
Stlth  ++........               (no ring)
                                w - ring of positive energy

@: very slightly contaminated, not resistant to hostile enchantments, unstealthy
A: no striking features
a: no special abilities


You were on level 5 of the Dungeon.
You were not hungry.

You visited 1 branch of the dungeon, and saw 5 of its levels.

You collected 207 gold pieces.
You spent 24 gold pieces at shops.

Inventory:

Hand Weapons
 j - a +0 short sword
 v - a +2 dagger of venom
Armour
 a - a +0 robe
 n - a +0 helmet (worn)
 s - a +0 pair of boots (worn)
 y - a +2 robe of positive energy (worn)
Magical Staves
 z - a cursed staff of summoning (weapon)
Jewellery
 p - an uncursed ring of fire
 w - a ring of positive energy (left hand)
Scrolls
 d - 4 scrolls of fog {unknown}
 e - 2 scrolls of random uselessness {unknown}
 f - 3 scrolls of identify {unknown}
 g - 4 scrolls of remove curse {unknown}
 h - a scroll of teleportation {unknown}
 i - 4 scrolls of recharging {unknown}
 k - a scroll of amnesia {unknown}
 m - 4 scrolls of enchant armour {unknown}
 t - a scroll of magic mapping {unknown}
 B - a scroll of fear {unknown}
Potions
 l - 2 potions of resistance {unknown}
 o - 2 potions of heal wounds {unknown}
 q - a potion of agility {unknown}
 r - a potion of lignification {unknown}
 u - a potion of invisibility {unknown}
 x - a potion of mutation {unknown}
 C - a potion of curing {unknown}
 D - 2 potions of degeneration
Books
 b - a book of Conjurations

   Spells                             Type                      Level
   a - Magic Dart                     Conjuration                  1
   b - Searing Ray                    Conjuration                  2
   c - Dazzling Spray                 Conjuration/Hexes            3
   d - Fulminant Prism                Conjuration/Hexes            4
   e - Iskenderun's Mystic Blast      Conjuration                  4
   f - Iskenderun's Battlesphere      Conjuration/Charms           5
 E - a book of Misfortune

   Spells                             Type                      Level
   a - Confusing Touch                Hexes                        2
   b - Confuse                        Hexes                        3
   c - Gell's Gravitas                Hexes/Translocation          3
   d - Petrify                        Transmutation/Earth          4
   e - Metabolic Englaciation         Hexes/Ice                    5
   f - Yara's Violent Unravelling     Hexes/Transmutation          5
Comestibles
 c - 2 bread rations


   Skills:
 - Level 2.4 Dodging
 - Level 2.4 Stealth
 + Level 6.8 Spellcasting
 * Level 8.5 Conjurations
 + Level 4.8 Charms


You had 9 spell levels left.
You knew the following spells:

 Your Spells              Type           Power        Failure   Level  Hunger
a - Magic Dart            Conj           ####         1%          1    None
b - Iskenderun's Mystic   Conj           #####...     3%          4    ###....
c - Iskenderun's Battles  Conj/Chrm      ####....     21%         5    #####..


Dungeon Overview and Level Annotations

Branches:
Dungeon (5/15)
 Temple: D:4-7

Altars:
Ashenzari
Kikubaaqudgha
Nemelex Xobeh
Zin

Shops:
D:5 !*

Annotations:
D:4 Grinder; barakagiga's ghost, novice HOGl


Message History

Thar be a stone staircase leadin' up 'ere.
A centaur comes inta view.
Tha centaur shouts!
Tha centaur wields a shortbow.
Tha centaur shoots an arrow.
Tha arrow closely misses ye.
Ye see 'ere an arrow.
Castin': Magic Dart Confirm wit' . or Enter, or press ? or * ta list all spells.
Ye miscast Iskenderun's Battlesphere.
Ye be very lightly contaminated wit' residual magic.
Yer skin glows momn'tarily.
Tha centaur shoots an arrow.
Tha arrow hits ye!
Tha centaur shoots an arrow.
Tha arrow hits ye!
Unknown command.
A centaur be nearby!
Unknown command.
Castin': Iskenderun's Battlesphere Confirm wit' . or Enter, or press ? or * ta list all spells.
Ye conjure a globe o' magical energy.
Tha centaur shoots an arrow.
Tha arrow hits ye!
Ye die...

....##...##.......<......
...##....[##.####'####...
..#.......#.#.......#..#
......_.....#.♣...♣.#.##
..#.......###.......###
...##.....## #...<...# ..
##...## #.......#
....##(######.♣...♣.#
...c....@....#.......#
......*.####.####'####
#......## #......#
####### ########


You could see a centaur and a friendly battlesphere.

Vanquished Creatures
  Menkaure (D:4)
  A water moccasin (D:5)
  An ice beast (D:5)
  An ogre (D:5)
  Blork the orc (D:4)
  A scorpion (D:3)
  3 orc wizards (D:4)
  A hound (D:4)
  3 worker ants
  2 gnolls (D:2)
  7 adders
  An ooze (D:3)
  2 adder skeletons
  A worm (D:3)
  3 dart slugs (D:1)
  2 giant geckos
  3 orcs
  4 ball pythons
  12 giant cockroaches
  4 goblins
  4 hobgoblins
  7 jackals (D:4)
  6 bats
  A giant gecko skeleton (D:4)
  A jackal zombie (D:5)
  A kobold (D:3)
  14 rats
88 creatures vanquished.

Notes
Turn   | Place    | Note
--------------------------------------------------------------
     0 | D:1      | Heedrag the Deep Elf Conjurer began the quest for the Orb.
     0 | D:1      | Reached XP level 1. HP: 10/10 MP: 6/6
   254 | D:1      | Reached XP level 2. HP: 6/15 MP: 4/8
   763 | D:2      | Reached skill level 5 in Conjurations
   773 | D:2      | Reached XP level 3. HP: 19/19 MP: 6/10
   959 | D:3      | Noticed a scorpion
   965 | D:3      | Killed a scorpion
   965 | D:3      | Reached XP level 4. HP: 24/24 MP: 3/12
   971 | D:3      | Learned a level 4 spell: Iskenderun's Mystic Blast
  1243 | D:2      | Reached skill level 5 in Spellcasting
  1290 | D:2      | Reached skill level 6 in Conjurations
  1290 | D:2      | Reached XP level 5. HP: 28/28 MP: 8/14
  1302 | D:2      | Learned a level 5 spell: Iskenderun's Battlesphere
  1871 | D:3      | Found a sparkling altar of Nemelex Xobeh.
  2036 | D:3      | Found an ancient bone altar of Kikubaaqudgha.
  2170 | D:4      | Noticed Blork the orc
  2171 | D:4      | Noticed barakagiga's ghost (novice HOGl)
  2194 | D:4      | Reached skill level 1 in Charms
  2256 | D:4      | Noticed Menkaure
  2268 | D:4      | Killed Menkaure
  2268 | D:4      | Reached skill level 7 in Conjurations
  2268 | D:4      | Reached XP level 6. HP: 11/32 MP: 3/16
  2818 | D:4      | Killed Blork the orc
  2870 | D:4      | Noticed Grinder
  2876 | D:5      | Entered Level 5 of the Dungeon
  2876 | D:5      | Noticed an ice beast
  3206 | D:5      | Killed an ice beast
  3206 | D:5      | Reached XP level 7. HP: 22/36 MP: 7/18
  3848 | D:5      | Found a shattered altar of Ashenzari.
  3933 | D:5      | Reached skill level 8 in Conjurations
  4127 | D:5      | Found Atwuskat's Distillery.
  4141 | D:5      | Bought 2 potions of degeneration for 24 gold pieces
  4214 | D:5      | Found Zin's Purification Station.
  4219 | D:5      | Found a glowing silver altar of Zin.
  4313 | D:5      | Shot with an arrow by a centaur

Skill      XL: |  1  2  3  4  5  6  7 |
---------------+----------------------+-----
Spellcasting   | 4 5 6 |  6.8
Conjurations   | 5 6 7 8 |  8.5
Charms         | 2 3 4 |  4.8
Dodging        | |  2.4
Stealth        | |  2.4

Action                   |  1- 3 |  4- 6 |  7- 9 || total
-------------------------+-------+-------+-------++-------
Melee: Unarmed           |     1 |       |       ||     1
       Staff             |       |       |     2 ||     2
 Cast: Magic Dart        |    60 |   124 |    53 ||   237
       Iskenderun's Batt |       |     1 |     6 ||     7
       Iskenderun's Myst |       |     1 |       ||     1
  Eat: Chunk             |       |     6 |     2 ||     8
       Bread ration      |       |       |     1 ||     1
Armor: Robe              |       |     7 |     5 ||    12
Dodge: Dodged            |     7 |    15 |    11 ||    33
